 Dungeon Sprint DCSS version 0.18-a0-1805-g8ab820f (webtiles) character file.

2992 Kidiri the Covert (level 9, -6/46 HPs)
             Began as a Spriggan Enchanter on Apr 25, 2016.
             Was a Believer of Dithmenos.
             Killed from afar by a hell hog (23 damage)
             ... with a fireball
             ... in the Dungeon (Sprint II: "The Violet Keep of Menkaure").
             The game lasted 00:03:48 (539 turns).

Kidiri the Covert (Spriggan Enchanter)               Turns: 539, Time: 00:03:48

Health: -6/46      AC:  3    Str:  4    XL:     9   Next: 54%
Magic:  24/24      EV: 29    Int: 18    God:    Dithmenos [**....]
Gold:   399        SH:  0    Dex: 18    Spells: 8 memorised, 6 levels left

rFire  . . .     SeeInvis +     a - +1 dagger
rCold  . . .     Gourm    .     b - +1 robe
rNeg   . . .     Faith    .     (shield restricted)
rPois  .         Spirit   .     (helmet restricted)
rElec  .         Dismiss  .     (no cloak)
rCorr  .         Reflect  .     (gloves unavailable)
SustAt .         Harm     .     (boots unavailable)
MR     +....     NoTele   +     (no amulet)
Stlth  ++++++++..               (no ring)
                                (no ring)

@: wreathed by umbra, very quick, somewhat resistant to hostile enchantments,
extraordinarily stealthy
A: unfitting armour, see invisible, herbivore 3, speed 3, slow metabolism 2
a: Shadow Step, Renounce Religion


You were in the Dungeon.
You worshipped Dithmenos.
Dithmenos was pleased with you.
You were not hungry.

You visited 1 branch You collected 1149 gold pieces.
You spent 750 gold pieces at shops.

Inventory:

Hand Weapons
 a - a +1 dagger (weapon)
Armour
 b - a +1 robe (worn)
Scrolls
 j - a scroll of blinking
Potions
 g - a potion of haste
 i - a potion of berserk rage
Books
 c - a book of Maledictions

   Spells                             Type                      Level
   a - Corona                         Hexes                        1
   b - Ensorcelled Hibernation        Hexes/Ice                    2
   c - Confuse                        Hexes                        3
   d - Tukima's Dance                 Hexes                        3
   e - Dazzling Spray                 Conjuration/Hexes            3
 k - a book of Burglary

   Spells                             Type                      Level
   a - Swiftness                      Charms/Air                   2
   b - Passwall                       Transmutation/Earth          2
   c - Passage of Golubria            Translocation                4
   d - Lee's Rapid Deconstruction     Earth                        5
   e - Darkness                       Hexes                        6
   f - Invisibility                   Hexes                        6
Comestibles
 d - a bread ration


   Skills:
 + Level 4.7 Fighting
 * Level 9.4 Short Blades
 + Level 4.2 Armour
 * Level 12.2 Dodging
 * Level 13.3 Stealth
 * Level 10.6 Spellcasting
 + Level 3.8 Conjurations
 + Level 8.0 Hexes
 + Level 4.1 Translocations
 + Level 3.5 Transmutations
 + Level 4.5 Ice Magic
 * Level 3.8 Earth Magic
 + Level 2.6 Invocations


You had 6 spell levels left.
You knew the following spells:

 Your Spells              Type           Power        Failure   Level  Hunger
a - Corona                Hex            #####..      1%          1    None
b - Ensorcelled Hibernat  Hex/Ice        ####..       1%          2    None
c - Confuse               Hex            #####...     1%          3    None
d - Tukima's Dance        Hex            #####...     1%          3    None
e - Dazzling Spray        Conj/Hex       ####....     1%          3    None
f - Passwall              Trmt/Erth      ###.......   2%          2    None
g - Passage of Golubria   Tloc           N/A          17%         4    ##.....
h - Lee's Rapid Deconstr  Erth           ###.......   41%         5    #####..


Dungeon Overview and Level Annotations

Branches:
Dungeon (1/1)

Altars:
Cheibriados
Dithmenos
Elyvilon
Fedhas
Gozag
Kikubaaqudgha
Makhleb
Nemelex Xobeh
Okawaru
Pakellas
Qazlal
Ru
Sif Muna
Trog
Vehumet
Xom
Yredelemnul
Zin
The Shining One
Beogh
Jiyva
Lugonu

Shops:
D }?:(=!%[!!*%=[:(

Annotations:
D exclusions: oklob plant and orange crystal statue


Innate Abilities, Weirdness & Mutations

You are tiny and cannot use many weapons and most armour.
You have supernaturally acute eyesight.
You are a herbivore.
You cover ground extremely quickly.
You need consume almost no food.


Message History

Confirm with . or Enter, or press ? or * to list all spells.
Aiming: Confuse
Press: ? - help, Shift-Dir - straight line, f/p - hell hog
Aim: a hell hog (lightly wounded, umbra, chance to defeat MR: 49%)
The hell hog resists with some effort.
The hell hog breathes fire at you.
The fireball explodes!
The fireball engulfs you!
Ouch! That really hurt!
* * * LOW HITPOINT WARNING * * *
The fireball engulfs the hell hog.
The hell hog resists.
The hell hog barely misses you.
You hear a shout!
Drink which item? (? for menu, Esc to quit)
You feel better. The hell hog completely misses you.
Drink which item? (? for menu, Esc to quit)
Magic courses through your body. The hell hog breathes fire at you.
The fireball explodes!
The fireball engulfs you!
Ouch! That really hurt!
You die...

.§§§§.§## §§8§§§..# +# §.§§§.
..### # §.§§ ...# #+++#+++##
...# .........# ..#
≈.##+##..# ####.#
≈##.####.####.[h^###
≈#.##..#....# #@..####
###...####..#####..##.# ?$!
.###'###.##..#..+..#..#▓$!!![
..##.##.###..#†.#^.#..#▓[)!?!
##'.<.'##.+§.####..##)#▓$?!()
..##.##...#....###...##▓▓▓▓▓▓
.###'###.##..§...≈≈≈≈≈≈≈≈≈≈≈≈
###.#.####≈§..§..≈#+########+
≈#%.#..#≈≈≈≈≈≈§..≈#_._._...#≈


You could see a hell hog.

Vanquished Creatures
  A hell hog (D)
  A yaktaur (D)
  3 polar bears (D)
  2 boulder beetles (D)
  2 wyverns (D)
  A vampire mosquito (D)
  4 neqoxecs (D)
  A wasp (D)
  A crocodile (D)
  4 worker ants (D)
  3 worms (D)
23 creatures vanquished.

Vanquished Creatures (others)
  Menkaure (D)
  A crocodile (D)
2 creatures vanquished.

Grand Total: 25 creatures vanquished

Notes
Turn   | Place    | Note
--------------------------------------------------------------
     0 | D        | Kidiri the Spriggan Enchanter began the quest for the Orb.
     0 | D        | Reached XP level 1. HP: 9/9 MP: 5/5
    36 | D        | Killed a crocodile
    76 | D        | Killed Menkaure
   112 | D        | Reached skill level 5 in Stealth
   114 | D        | Reached XP level 2. HP: 14/14 MP: 5/7
   118 | D        | Learned a level 2 spell: Ensorcelled Hibernation
   137 | D        | Noticed a boulder beetle
   137 | D        | Noticed a boulder beetle
   143 | D        | Reached skill level 1 in Fighting
   143 | D        | Reached XP level 3. HP: 18/18 MP: 5/9
   148 | D        | Reached skill level 1 in Armour
   148 | D        | Reached skill level 5 in Dodging
   148 | D        | Reached skill level 6 in Stealth
   148 | D        | Reached skill level 1 in Ice Magic
   150 | D        | Reached skill level 5 in Spellcasting
   150 | D        | Reached XP level 4. HP: 18/22 MP: 6/12
   154 | D        | Reached skill level 7 in Stealth
   168 | D        | Learned a level 3 spell: Confuse
   172 | D        | Learned a level 3 spell: Tukima's Dance
   176 | D        | Learned a level 3 spell: Dazzling Spray
   266 | D        | Noticed a neqoxec
   266 | D        | Noticed a neqoxec
   266 | D        | Noticed a neqoxec
   266 | D        | Noticed a neqoxec
   268 | D        | Killed a neqoxec
   268 | D        | Reached skill level 5 in Short Blades
   268 | D        | Reached skill level 8 in Stealth
   268 | D        | Reached skill level 1 in Conjurations
   268 | D        | Reached skill level 5 in Hexes
   268 | D        | Reached XP level 5. HP: 27/27 MP: 13/15
   270 | D        | Killed a neqoxec
   270 | D        | Reached skill level 9 in Stealth
   270 | D        | Reached XP level 6. HP: 32/32 MP: 14/17
   272 | D        | Killed a neqoxec
   272 | D        | Reached skill level 10 in Stealth
   275 | D        | Killed a neqoxec
   275 | D        | Reached XP level 7. HP: 36/36 MP: 10/19
   328 | D        | Killed a boulder beetle
   328 | D        | Reached skill level 10 in Dodging
   328 | D        | Reached skill level 11 in Stealth
   337 | D        | Killed a boulder beetle
   356 | D        | Noticed an obsidian statue
   361 | D        | Reached XP level 8. HP: 42/42 MP: 13/22
   375 | D        | Noticed an orange crystal statue
   381 | D        | Found Raxenish's Food Shop.
   381 | D        | Found Geegg's Antique Armour Shop.
   382 | D        | Found Syfrae's Distillery.
   382 | D        | Found Coxkolah's Assorted Antiques.
   392 | D        | Found Kusaid's Distillery.
   392 | D        | Found Caotosi's Weapon Shop.
   392 | D        | Found Bailil's Antique Armour Shop.
   394 | D        | Found Feanu's Food Shop.
   394 | D        | Found Xoanoj's Jewellery Boutique.
   394 | D        | Found Juogam's Distillery.
   395 | D        | Found Cuosh's Book Boutique.
   395 | D        | Noticed a griffon
   398 | D        | Found Oddu's Jewellery Boutique.
   398 | D        | Found Zezoc's Antique Weapon Shop.
   398 | D        | Noticed a griffon
   398 | D        | Noticed a griffon
   398 | D        | Noticed an oklob plant
   399 | D        | Found Omumeg's Magic Scroll Shop.
   399 | D        | Found Joetet's Gadget Boutique.
   399 | D        | Found Jaedub's Book Shoppe.
   404 | D        | Bought a book of Burglary for 750 gold pieces
   407 | D        | Learned a level 2 spell: Passwall
   412 | D        | Learned a level 4 spell: Passage of Golubria
   418 | D        | Learned a level 5 spell: Lee's Rapid Deconstruction
   443 | D        | Found a sparkling altar of Nemelex Xobeh.
   443 | D        | Found a bloodstained altar of Trog.
   447 | D        | Found a snail-covered altar of Cheibriados.
   447 | D        | Found a basalt altar of Yredelemnul.
   448 | D        | Found a stormy altar of Qazlal.
   448 | D        | Found a sacrificial altar of Ru.
   448 | D        | Found a shadowy altar of Dithmenos.
   449 | D        | Found an ancient bone altar of Kikubaaqudgha.
   449 | D        | Found a glowing silver altar of Zin.
   449 | D        | Found an iron altar of Okawaru.
   450 | D        | Found a burning altar of Makhleb.
   450 | D        | Found a roughly hewn altar of Beogh.
   450 | D        | Found a viscous altar of Jiyva.
   451 | D        | Found a corrupted altar of Lugonu.
   451 | D        | Found a blossoming altar of Fedhas.
   451 | D        | Found a shimmering altar of Xom.
   452 | D        | Found an oddly glowing altar of Pakellas.
   452 | D        | Found a glowing golden altar of the Shining One.
   454 | D        | Found a white marble altar of Elyvilon.
   454 | D        | Found an opulent altar of Gozag.
   454 | D        | Found a deep blue altar of Sif Muna.
   454 | D        | Found a radiant altar of Vehumet.
   454 | D        | Noticed a polar bear
   455 | D        | Noticed a yaktaur
   458 | D        | Noticed a flying skull
   458 | D        | Noticed a flying skull
   460 | D        | Became a worshipper of Dithmenos the Shadowed
   461 | D        | Noticed a flying skull
   461 | D        | Noticed a flying skull
   465 | D        | Noticed a polar bear
   472 | D        | Killed a polar bear
   472 | D        | Reached skill level 12 in Stealth
   472 | D        | Reached skill level 1 in Translocations
   472 | D        | Reached skill level 1 in Transmutations
   472 | D        | Reached skill level 1 in Earth Magic
   476 | D        | Noticed a polar bear
   484 | D        | Killed a polar bear
   484 | D        | Reached skill level 1 in Invocations
   488 | D        | Reached * piety under Dithmenos
   493 | D        | Killed a yaktaur
   493 | D        | Reached skill level 10 in Spellcasting
   500 | D        | Killed a polar bear
   500 | D        | Reached XP level 9. HP: 33/46 MP: 6/24
   517 | D        | Reached ** piety under Dithmenos
   530 | D        | Noticed a hell hog
   531 | D        | Noticed a hell hog
   535 | D        | Killed a hell hog
   535 | D        | Reached skill level 13 in Stealth
   539 | D        | Killed from afar by a hell hog

Vault maps used:
D:        the_violet_keep_of_menkaure

Skill      XL: |  1  2  3  4  5  6  7  8  9 |
---------------+----------------------------+-----
Spellcasting   | 3 4 5 6 7 8 9 10 | 10.6
Short Blades   | 2 3 5 6 7 8 9 |  9.4
Stealth        | 5 6 8 9 10 11 12 13 | 13.3
Dodging        | 4 5 7 8 9 10 11 12 | 12.2
Fighting       | 1 2 3 4 |  4.7
Hexes          | 4 5 6 7 8 |  8.0
Armour         | 1 2 3 4 |  4.2
Ice Magic      | 1 2 3 4 |  4.5
Conjurations   | 1 2 3 |  3.8
Translocations | 3 4 |  4.1
Transmutations | 2 3 |  3.5
Earth Magic    | 2 3 |  3.8
Invocations    | 1 2 |  2.6

Action                   |  1- 3 |  4- 6 |  7- 9 || total
-------------------------+-------+-------+-------++-------
Melee: Dagger            |     6 |     5 |    36 ||    47
 Cast: Ensorcelled Hiber |     5 |     5 |     8 ||    18
       Dazzling Spray    |       |       |     3 ||     3
       Confuse           |       |       |     6 ||     6
  Use: Potion            |     1 |       |     3 ||     4
 Stab: Sleeping          |     5 |     5 |     6 ||    16
       Distracted        |     1 |       |       ||     1
       Invisible         |       |       |     5 ||     5
       Confused          |       |       |     7 ||     7
Armor: Robe              |       |       |     1 ||     1
Dodge: Dodged            |     3 |     5 |    27 ||    35
